[ PARTIDA AOE2 · #466621311 ]
UnrankedPersas vs Franks
[ ANÁLISIS DE REPETICIÓN · EXTRAÍDO DE LA PARTIDA GRABADA ]
Feudal
9:06
Castillos
24:24
Imperial
46:58
| APM promedio | 26.7 |
| APM pico | 79 |
| eAPM promedio | 15.2 |
| Aldeanos / militares | 188 / 90 |
Foco
⚔️ 25.6% · 🌾 74.4%
Camel Scout ×60 · Scout Cavalry ×12 · Mangonel ×9 · Trade Cart ×8 · Monk ×3 · Battering Ram ×3
Feudal
9:49
Castillos
21:27
Imperial
40:27
| APM promedio | 62.7 |
| APM pico | 130 |
| eAPM promedio | 21.0 |
| Aldeanos / militares | 167 / 160 |
Foco
⚔️ 32.1% · 🌾 67.9%
Mangudai ×71 · Scout Cavalry ×62 · Mangonel ×16 · Trade Cart ×13 · Fishing Ship ×13 · Spearman ×6
Feudal
9:54
Castillos
23:41
Imperial
41:59
| APM promedio | 36.6 |
| APM pico | 83 |
| eAPM promedio | 21.3 |
| Aldeanos / militares | 165 / 365 |
Foco
⚔️ 40.4% · 🌾 59.6%
Knight ×234 · Scout Cavalry ×107 · Spearman ×14 · Trebuchet (Packed) ×10 · Trade Cart ×9
Feudal
12:53
Castillos
17:42
Imperial
40:12
| APM promedio | 55.9 |
| APM pico | 115 |
| eAPM promedio | 22.4 |
| Aldeanos / militares | 78 / 485 |
Foco
⚔️ 35.9% · 🌾 64.1%
Archer ×258 · Spearman ×117 · Skirmisher ×65 · Longboat ×23 · Fishing Ship ×15 · Cannon Galleon ×14
Feudal
9:33
Castillos
29:03
Imperial
41:18
| APM promedio | 33.6 |
| APM pico | 66 |
| eAPM promedio | 19.0 |
| Aldeanos / militares | 194 / 146 |
Foco
⚔️ 33.4% · 🌾 66.6%
Unknown (1944) ×90 · Archer ×85 · Scout Cavalry ×49 · Unknown (1942) ×7 · Mangonel ×5 · Spearman ×3
Feudal
9:59
Castillos
26:28
Imperial
47:13
| APM promedio | 38.2 |
| APM pico | 78 |
| eAPM promedio | 20.4 |
| Aldeanos / militares | 166 / 352 |
Foco
⚔️ 45.6% · 🌾 54.4%
Archer ×285 · Skirmisher ×41 · Spearman ×12 · Mangonel ×8 · Trebuchet (Packed) ×6 · Fishing Ship ×4
Mapa de la partida
Recursos iniciales + cada clic de construcción. Líneas = muros · curvas = relieve. ◆ oro · ⬟ piedra · ● bayas · ✦ reliquia · ◌ hueco del cierre
Tu base· ✓ Cerrada en 24:24 · 11t muro · 2 puerta(s)
Base de AoG_Lotsen· ✓ Cerrada en 21:27 · 4t muro · frágil
Base de [RZ] Kanjhin· ✓ Cerrada en 23:41 · 0t muro · frágil
Base de AoG_Bronco· ✓ Cerrada en 17:42 · 59t muro · sin puerta
Base de [RZ] MAGR0· ✓ Cerrada en 29:03 · 63t muro · frágil
Base de Mata_Leproso· ✓ Cerrada en 26:28 · 0t muro · frágil
Terreno inicial suavizado · ◌ = hueco del cierre detectado · pasá el cursor para detalles
Inputs por minuto
— AoG_Fernecito - - AoG_Lotsen
Build order — AoG_Fernecito
Primeras 150 de 405 acciones detectadas
| 0:02 | Construir | House |
| 0:04 | Construir | House |
| 0:05 | Crear | Villager (Male) ×5 |
| 1:28 | Crear | Villager (Male) |
| 1:51 | Construir | Lumber Camp |
| 2:03 | Crear | Villager (Male) |
| 2:03 | Crear | Villager (Male) |
| 2:32 | Crear | Villager (Male) |
| 2:54 | Construir | House |
| 3:10 | Crear | Villager (Male) |
| 3:18 | Construir | Mill |
| 3:22 | Crear | Villager (Male) |
| 3:46 | Crear | Villager (Male) |
| 4:01 | Crear | Villager (Male) |
| 4:38 | Crear | Villager (Male) |
| 5:05 | Crear | Villager (Male) |
| 5:32 | Crear | Villager (Male) |
| 5:43 | Crear | Villager (Male) |
| 6:00 | Crear | Villager (Male) |
| 6:18 | Construir | House |
| 7:02 | Investigar | Feudal Age |
| 7:25 | Construir | Barracks |
| 7:35 | Crear | Villager (Male) |
| 7:55 | Construir | House |
| 8:00 | Construir | Palisade Wall |
| 8:45 | Crear | Villager (Male) |
| 9:06 | Edad | Edad Feudal |
| 9:07 | Construir | Stable |
| 10:01 | Crear | Villager (Male) |
| 10:01 | Crear | Villager (Male) |
| 10:03 | Crear | Villager (Male) |
| 10:04 | Investigar | Double-Bit Axe |
| 10:07 | Investigar | Horse Collar |
| 10:14 | Crear | Scout Cavalry |
| 10:14 | Crear | Scout Cavalry |
| 10:37 | Construir | Stone Wall |
| 10:48 | Crear | Villager (Male) |
| 10:49 | Crear | Villager (Male) |
| 10:56 | Crear | Scout Cavalry |
| 11:08 | Crear | Villager (Male) |
| 11:15 | Construir | House |
| 11:16 | Construir | House |
| 12:00 | Construir | House |
| 12:01 | Construir | House |
| 12:03 | Crear | Villager (Male) |
| 12:04 | Crear | Villager (Male) |
| 12:07 | Construir | Market |
| 12:18 | Crear | Scout Cavalry |
| 12:19 | Investigar | Bloodlines |
| 12:29 | Crear | Villager (Male) |
| 12:53 | Construir | Blacksmith |
| 13:01 | Crear | Scout Cavalry |
| 13:16 | Construir | House |
| 13:17 | Construir | House |
| 13:22 | Crear | Villager (Male) |
| 13:22 | Crear | Villager (Male) |
| 13:46 | Investigar | Forging |
| 13:55 | Construir | Farm |
| 13:57 | Construir | Farm |
| 13:58 | Construir | Farm |
| 13:58 | Construir | Farm |
| 13:58 | Construir | Farm |
| 13:58 | Construir | Farm |
| 13:59 | Construir | Farm |
| 14:02 | Crear | Villager (Male) |
| 14:02 | Crear | Villager (Male) |
| 14:21 | Construir | House |
| 14:25 | Construir | House |
| 14:47 | Crear | Villager (Male) |
| 14:47 | Crear | Villager (Male) |
| 14:53 | Construir | Farm |
| 14:53 | Construir | Farm |
| 15:03 | Construir | Farm |
| 15:09 | Crear | Scout Cavalry |
| 15:24 | Construir | Farm |
| 15:40 | Construir | Lumber Camp |
| 15:41 | Crear | Villager (Male) |
| 15:44 | Construir | Farm |
| 15:44 | Construir | Farm |
| 15:51 | Construir | Mining Camp |
| 16:27 | Construir | Farm |
| 16:34 | Construir | Farm |
| 16:53 | Crear | Villager (Male) |
| 16:53 | Crear | Villager (Male) |
| 16:54 | Crear | Villager (Male) |
| 16:55 | Crear | Villager (Male) |
| 16:55 | Crear | Villager (Male) |
| 17:03 | Construir | Mining Camp |
| 17:06 | Crear | Villager (Male) |
| 17:36 | Construir | Farm |
| 17:37 | Construir | Farm |
| 17:37 | Construir | Farm |
| 17:37 | Construir | Farm |
| 17:38 | Construir | Farm |
| 17:42 | Crear | Scout Cavalry |
| 17:52 | Construir | Watch Tower |
| 18:27 | Crear | Villager (Male) |
| 18:38 | Crear | Scout Cavalry |
| 18:38 | Crear | Scout Cavalry |
| 18:56 | Investigar | Scale Barding Armor |
| 19:17 | Crear | Villager (Male) |
| 19:36 | Crear | Villager (Male) |
| 19:36 | Crear | Villager (Male) |
| 19:48 | Construir | Mill |
| 19:48 | Construir | Farm |
| 19:49 | Construir | Farm |
| 19:49 | Construir | Farm |
| 19:49 | Construir | Farm |
| 19:49 | Construir | Farm |
| 19:50 | Construir | Farm |
| 19:50 | Construir | Farm |
| 19:50 | Construir | Farm |
| 19:56 | Crear | Scout Cavalry |
| 20:05 | Crear | Villager (Male) |
| 20:26 | Construir | Palisade Gate |
| 20:37 | Investigar | Loom |
| 20:41 | Crear | Villager (Male) |
| 20:47 | Crear | Scout Cavalry |
| 20:50 | Crear | Scout Cavalry |
| 20:56 | Construir | Farm |
| 20:58 | Construir | Farm |
| 21:02 | Construir | Farm |
| 21:15 | Crear | Villager (Male) |
| 21:59 | Investigar | Castle Age |
| 22:08 | Construir | Mining Camp |
| 22:17 | Construir | Palisade Gate |
| 22:50 | Construir | House |
| 23:19 | Investigar | Fletching |
| 24:10 | Construir | Stable |
| 24:16 | Construir | Stable |
| 24:24 | Edad | Edad de los Castillos |
| 24:32 | Construir | Town Center |
| 24:41 | Investigar | Iron Casting |
| 24:45 | Crear | Villager (Male) |
| 24:45 | Crear | Villager (Male) |
| 24:48 | Crear | Villager (Male) |
| 25:08 | Construir | Siege Workshop |
| 25:21 | Crear | Villager (Male) ×5 |
| 25:38 | Construir | Farm |
| 25:38 | Construir | Farm |
| 25:38 | Construir | Farm |
| 25:39 | Construir | Farm |
| 25:39 | Construir | Farm |
| 25:39 | Construir | Farm |
| 25:49 | Crear | Knight |
| 25:49 | Crear | Knight |
| 26:02 | Crear | Mangonel |
| 26:05 | Crear | Villager (Male) ×5 |
| 26:30 | Construir | House |
| 26:32 | Construir | House |
Build order — AoG_Lotsen
Primeras 150 de 498 acciones detectadas
| 0:01 | Crear | Villager (Male) ×4 |
| 0:02 | Construir | House |
| 0:03 | Construir | House |
| 1:24 | Crear | Villager (Male) |
| 1:45 | Construir | Lumber Camp |
| 1:49 | Crear | Villager (Male) |
| 2:16 | Crear | Villager (Male) |
| 2:42 | Crear | Villager (Male) |
| 3:07 | Crear | Villager (Male) |
| 3:32 | Crear | Villager (Male) |
| 3:51 | Construir | House |
| 4:05 | Crear | Villager (Male) |
| 4:15 | Construir | Dock |
| 4:28 | Crear | Villager (Male) |
| 5:03 | Crear | Villager (Male) |
| 5:03 | Crear | Villager (Male) |
| 5:18 | Crear | Fishing Ship |
| 5:21 | Crear | Villager (Male) |
| 5:21 | Crear | Villager (Male) |
| 5:55 | Crear | Villager (Male) |
| 6:02 | Crear | Fishing Ship |
| 6:04 | Construir | House |
| 6:24 | Investigar | Loom |
| 6:24 | Crear | Villager (Male) |
| 6:24 | Crear | Villager (Male) |
| 6:55 | Crear | Fishing Ship |
| 7:04 | Construir | Palisade Wall |
| 7:05 | Construir | House |
| 7:06 | Construir | House |
| 7:18 | Investigar | Feudal Age |
| 7:36 | Crear | Fishing Ship |
| 7:44 | Construir | Barracks |
| 8:26 | Construir | House |
| 8:27 | Construir | House |
| 8:55 | Crear | Fishing Ship |
| 9:01 | Construir | House |
| 9:05 | Construir | House |
| 9:23 | Construir | Mill |
| 9:29 | Crear | Villager (Male) |
| 9:46 | Construir | House |
| 9:49 | Edad | Edad Feudal |
| 9:52 | Investigar | Double-Bit Axe |
| 10:04 | Crear | Spearman |
| 10:16 | Construir | Palisade Wall |
| 10:16 | Construir | Palisade Wall |
| 10:27 | Crear | Spearman |
| 10:32 | Construir | Blacksmith |
| 10:43 | Crear | Villager (Male) |
| 10:43 | Crear | Villager (Male) |
| 10:43 | Crear | Villager (Male) |
| 11:04 | Crear | Villager (Male) |
| 11:10 | Crear | Fishing Ship |
| 11:10 | Crear | Fishing Ship |
| 12:03 | Construir | Stable |
| 12:13 | Investigar | Scale Barding Armor |
| 12:24 | Crear | Villager (Male) |
| 12:32 | Crear | Villager (Male) |
| 12:33 | Crear | Villager (Male) |
| 12:54 | Construir | Mining Camp |
| 12:57 | Crear | Villager (Male) |
| 13:03 | Crear | Scout Cavalry |
| 13:03 | Crear | Scout Cavalry |
| 13:10 | Construir | Stable |
| 13:25 | Investigar | Forging |
| 13:46 | Crear | Scout Cavalry |
| 14:04 | Crear | Scout Cavalry |
| 14:04 | Crear | Scout Cavalry |
| 14:04 | Crear | Scout Cavalry |
| 14:04 | Crear | Scout Cavalry |
| 14:05 | Crear | Scout Cavalry |
| 14:19 | Crear | Scout Cavalry |
| 14:22 | Crear | Villager (Male) |
| 14:26 | Construir | Farm |
| 14:26 | Construir | Farm |
| 14:26 | Construir | Farm |
| 14:27 | Construir | Farm |
| 14:27 | Construir | Farm |
| 14:49 | Crear | Villager (Male) |
| 14:49 | Crear | Villager (Male) |
| 15:16 | Crear | Scout Cavalry |
| 15:17 | Crear | Scout Cavalry |
| 15:23 | Construir | House |
| 15:26 | Construir | Palisade Wall |
| 15:28 | Construir | House |
| 15:29 | Construir | House |
| 15:40 | Crear | Scout Cavalry |
| 15:56 | Construir | Market |
| 16:03 | Crear | Scout Cavalry |
| 16:13 | Crear | Spearman |
| 16:13 | Crear | Spearman |
| 16:51 | Crear | Scout Cavalry |
| 16:51 | Crear | Scout Cavalry |
| 16:54 | Crear | Fishing Ship |
| 16:54 | Crear | Fishing Ship |
| 17:00 | Construir | Dock |
| 17:06 | Crear | Scout Cavalry |
| 17:17 | Construir | Farm |
| 17:35 | Crear | Villager (Male) |
| 17:35 | Crear | Villager (Male) |
| 17:37 | Construir | Farm |
| 17:37 | Construir | Farm |
| 18:47 | Investigar | Castle Age |
| 19:49 | Construir | Mining Camp |
| 19:56 | Crear | Spearman |
| 19:57 | Crear | Spearman |
| 21:27 | Edad | Edad de los Castillos |
| 21:43 | Investigar | Chain Barding Armor |
| 22:02 | Construir | Castle |
| 22:14 | Crear | Villager (Male) |
| 22:55 | Crear | Mangudai |
| 22:56 | Crear | Mangudai |
| 23:43 | Construir | Siege Workshop |
| 23:47 | Crear | Mangudai |
| 23:51 | Crear | Villager (Male) |
| 23:51 | Crear | Villager (Male) |
| 23:52 | Crear | Villager (Male) |
| 23:52 | Crear | Villager (Male) |
| 24:38 | Crear | Mangonel |
| 24:40 | Crear | Mangudai |
| 24:40 | Crear | Mangudai |
| 25:34 | Construir | Town Center |
| 25:59 | Construir | Stone Wall |
| 26:03 | Crear | Villager (Male) |
| 26:03 | Crear | Villager (Male) |
| 26:03 | Crear | Villager (Male) |
| 26:03 | Crear | Villager (Male) |
| 26:17 | Crear | Villager (Male) |
| 26:17 | Crear | Villager (Male) |
| 26:17 | Crear | Villager (Male) |
| 26:17 | Crear | Villager (Male) |
| 26:18 | Crear | Villager (Male) |
| 26:18 | Crear | Villager (Male) |
| 26:37 | Construir | Farm |
| 26:45 | Crear | Mangudai |
| 26:45 | Crear | Mangudai |
| 26:46 | Crear | Mangudai |
| 26:49 | Investigar | Fletching |
| 26:51 | Investigar | Padded Archer Armor |
| 26:54 | Crear | Villager (Male) |
| 26:54 | Crear | Villager (Male) |
| 26:59 | Construir | Farm |
| 27:02 | Construir | Farm |
| 27:05 | Construir | Farm |
| 27:16 | Construir | Farm |
| 27:18 | Construir | Farm |
| 27:20 | Construir | Farm |
| 27:22 | Construir | Farm |
| 27:33 | Crear | Fishing Ship |
| 27:38 | Crear | Villager (Male) |
| 27:38 | Crear | Villager (Male) |
Build order — [RZ] Kanjhin
Primeras 150 de 633 acciones detectadas
| 0:31 | Construir | House |
| 0:32 | Construir | House |
| 0:38 | Crear | Villager (Male) |
| 0:39 | Crear | Villager (Male) |
| 0:39 | Crear | Villager (Male) |
| 0:39 | Crear | Villager (Male) |
| 2:03 | Crear | Villager (Male) |
| 2:03 | Crear | Villager (Male) |
| 2:24 | Construir | Lumber Camp |
| 2:24 | Crear | Villager (Male) |
| 2:57 | Crear | Villager (Male) |
| 3:14 | Crear | Villager (Male) |
| 3:36 | Construir | House |
| 3:47 | Crear | Villager (Male) |
| 3:57 | Crear | Villager (Male) |
| 4:33 | Crear | Villager (Male) |
| 5:04 | Crear | Villager (Male) |
| 5:08 | Crear | Villager (Male) |
| 5:41 | Crear | Villager (Male) |
| 5:42 | Crear | Villager (Male) |
| 5:59 | Crear | Villager (Male) |
| 6:09 | Construir | Mill |
| 6:19 | Crear | Villager (Male) |
| 7:07 | Investigar | Loom |
| 7:34 | Investigar | Feudal Age |
| 8:08 | Crear | Villager (Male) |
| 8:32 | Construir | House |
| 8:49 | Construir | Barracks |
| 9:30 | Construir | House |
| 9:54 | Edad | Edad Feudal |
| 9:55 | Construir | Stable |
| 10:07 | Investigar | Double-Bit Axe |
| 10:08 | Investigar | Double-Bit Axe |
| 10:29 | Crear | Villager (Male) |
| 10:29 | Crear | Villager (Male) |
| 10:40 | Crear | Scout Cavalry |
| 10:40 | Crear | Scout Cavalry |
| 10:40 | Crear | Scout Cavalry |
| 10:40 | Crear | Scout Cavalry |
| 11:11 | Crear | Villager (Male) |
| 11:18 | Construir | Blacksmith |
| 11:31 | Crear | Villager (Male) |
| 11:47 | Construir | House |
| 11:53 | Construir | Farm |
| 11:56 | Crear | Villager (Male) |
| 12:08 | Investigar | Forging |
| 12:23 | Construir | Farm |
| 12:23 | Construir | Farm |
| 12:25 | Crear | Villager (Male) |
| 12:49 | Construir | Farm |
| 12:50 | Crear | Villager (Male) |
| 13:00 | Construir | Lumber Camp |
| 13:02 | Crear | Villager (Male) |
| 13:12 | Construir | House |
| 13:16 | Crear | Villager (Male) |
| 13:47 | Crear | Villager (Male) |
| 13:51 | Construir | Farm |
| 13:51 | Construir | Farm |
| 13:52 | Construir | Farm |
| 13:52 | Construir | Farm |
| 13:57 | Construir | Farm |
| 14:07 | Investigar | Scale Barding Armor |
| 14:08 | Investigar | Scale Barding Armor |
| 14:10 | Construir | Farm |
| 14:25 | Crear | Villager (Male) |
| 14:42 | Construir | Farm |
| 14:42 | Construir | Farm |
| 14:43 | Construir | Farm |
| 14:49 | Crear | Villager (Male) |
| 15:20 | Crear | Villager (Male) |
| 15:29 | Crear | Scout Cavalry |
| 15:30 | Crear | Villager (Male) |
| 15:30 | Crear | Villager (Male) |
| 15:32 | Construir | House |
| 15:33 | Construir | House |
| 15:46 | Crear | Villager (Male) |
| 15:53 | Construir | Farm |
| 15:53 | Construir | Farm |
| 15:54 | Construir | Farm |
| 15:58 | Construir | Farm |
| 15:59 | Construir | Farm |
| 16:04 | Crear | Scout Cavalry |
| 16:27 | Construir | Farm |
| 16:29 | Construir | Farm |
| 16:30 | Crear | Villager (Male) |
| 16:37 | Crear | Scout Cavalry |
| 16:59 | Crear | Villager (Male) |
| 17:11 | Crear | Villager (Male) |
| 17:21 | Crear | Villager (Male) |
| 17:21 | Crear | Villager (Male) |
| 17:30 | Construir | Farm |
| 17:30 | Construir | Farm |
| 17:30 | Construir | Farm |
| 17:30 | Construir | Farm |
| 17:30 | Construir | Farm |
| 17:39 | Crear | Scout Cavalry |
| 18:12 | Construir | House |
| 18:13 | Construir | House |
| 18:28 | Investigar | Wheelbarrow |
| 18:51 | Crear | Villager (Male) |
| 18:52 | Crear | Villager (Male) |
| 18:55 | Crear | Villager (Male) |
| 18:55 | Crear | Villager (Male) |
| 19:27 | Crear | Villager (Male) |
| 19:27 | Crear | Villager (Male) |
| 19:33 | Construir | Mining Camp |
| 19:42 | Investigar | Wheelbarrow |
| 19:46 | Construir | Market |
| 21:01 | Investigar | Castle Age |
| 21:17 | Construir | Stable |
| 21:18 | Construir | Stable |
| 22:27 | Construir | Mining Camp |
| 22:31 | Crear | Villager (Male) |
| 22:31 | Crear | Villager (Male) |
| 22:31 | Crear | Villager (Male) |
| 23:04 | Investigar | Gold Mining |
| 23:41 | Edad | Edad de los Castillos |
| 23:47 | Crear | Knight |
| 23:48 | Crear | Knight |
| 23:48 | Crear | Knight |
| 23:48 | Crear | Knight |
| 23:48 | Crear | Knight |
| 23:50 | Crear | Knight |
| 23:54 | Construir | Town Center |
| 23:59 | Construir | Town Center |
| 24:02 | Investigar | Bow Saw |
| 24:18 | Investigar | Chain Barding Armor |
| 24:42 | Investigar | Iron Casting |
| 24:44 | Crear | Knight |
| 24:44 | Crear | Knight |
| 24:48 | Crear | Knight |
| 24:51 | Construir | House |
| 24:52 | Construir | House |
| 24:52 | Construir | House |
| 24:52 | Construir | House |
| 24:53 | Construir | House |
| 24:57 | Crear | Knight |
| 24:57 | Crear | Knight |
| 24:59 | Investigar | Husbandry |
| 24:59 | Investigar | Husbandry |
| 25:03 | Crear | Knight |
| 25:28 | Crear | Villager (Male) |
| 25:29 | Crear | Villager (Male) |
| 25:29 | Crear | Villager (Male) |
| 25:29 | Crear | Villager (Male) |
| 25:34 | Crear | Villager (Male) |
| 25:34 | Crear | Villager (Male) |
| 25:34 | Crear | Villager (Male) |
| 25:41 | Crear | Villager (Male) |
| 25:41 | Crear | Villager (Male) |
Build order — AoG_Bronco
Primeras 150 de 422 acciones detectadas
| 0:00 | Crear | Villager (Male) |
| 0:01 | Crear | Villager (Male) |
| 0:01 | Crear | Villager (Male) |
| 0:03 | Construir | House |
| 0:07 | Construir | House |
| 0:36 | Crear | Villager (Male) |
| 1:24 | Crear | Villager (Male) |
| 1:24 | Crear | Villager (Male) |
| 1:52 | Construir | Lumber Camp |
| 1:54 | Crear | Villager (Male) |
| 2:32 | Crear | Villager (Male) |
| 2:41 | Crear | Villager (Male) |
| 2:41 | Crear | Villager (Male) |
| 3:12 | Crear | Villager (Male) |
| 3:26 | Construir | House |
| 3:28 | Crear | Villager (Male) |
| 3:28 | Crear | Villager (Male) |
| 4:09 | Crear | Villager (Male) |
| 4:09 | Crear | Villager (Male) |
| 4:32 | Construir | Dock |
| 4:37 | Crear | Villager (Male) |
| 4:37 | Crear | Villager (Male) |
| 4:37 | Crear | Villager (Male) |
| 5:12 | Crear | Villager (Male) |
| 5:12 | Crear | Villager (Male) |
| 5:22 | Crear | Fishing Ship |
| 5:29 | Crear | Villager (Male) |
| 5:42 | Construir | House |
| 5:48 | Crear | Villager (Male) |
| 5:49 | Crear | Villager (Male) |
| 6:22 | Crear | Fishing Ship |
| 6:38 | Crear | Villager (Male) |
| 6:38 | Crear | Villager (Male) |
| 6:38 | Crear | Villager (Male) |
| 6:46 | Construir | House |
| 6:48 | Crear | Villager (Male) |
| 6:49 | Crear | Villager (Male) |
| 7:29 | Crear | Villager (Male) |
| 7:29 | Crear | Villager (Male) |
| 7:59 | Construir | Dock |
| 8:01 | Crear | Fishing Ship |
| 8:03 | Crear | Villager (Male) |
| 8:47 | Crear | Fishing Ship |
| 8:48 | Crear | Fishing Ship |
| 8:55 | Construir | House |
| 8:56 | Crear | Fishing Ship |
| 9:08 | Construir | House |
| 9:34 | Crear | Fishing Ship |
| 9:42 | Construir | Dock |
| 9:51 | Construir | House |
| 10:00 | Construir | Mining Camp |
| 10:43 | Investigar | Feudal Age |
| 11:01 | Crear | Villager (Male) |
| 11:05 | Crear | Fishing Ship |
| 11:05 | Crear | Fishing Ship |
| 11:46 | Construir | Lumber Camp |
| 12:42 | Crear | Villager (Male) |
| 12:53 | Edad | Edad Feudal |
| 12:54 | Crear | Galley |
| 12:55 | Crear | Galley |
| 12:57 | Crear | Galley |
| 13:02 | Construir | Blacksmith |
| 13:04 | Construir | Stone Wall |
| 13:17 | Construir | Mill |
| 13:28 | Crear | Villager (Male) |
| 14:06 | Construir | Barracks |
| 14:16 | Construir | Market |
| 14:19 | Investigar | Fletching |
| 14:26 | Crear | Villager (Male) |
| 14:26 | Crear | Villager (Male) |
| 14:29 | Investigar | Loom |
| 14:31 | Crear | Villager (Male) |
| 14:32 | Crear | Villager (Male) |
| 14:41 | Construir | Archery Range |
| 15:02 | Investigar | Castle Age |
| 15:02 | Investigar | Castle Age |
| 15:05 | Construir | House |
| 15:10 | Investigar | Double-Bit Axe |
| 15:10 | Investigar | Double-Bit Axe |
| 15:15 | Crear | Archer |
| 15:35 | Construir | Palisade Wall |
| 15:36 | Construir | Palisade Wall |
| 15:49 | Construir | Palisade Wall |
| 16:02 | Construir | Archery Range |
| 16:07 | Construir | Palisade Wall |
| 16:10 | Construir | House |
| 16:23 | Construir | Palisade Wall |
| 16:32 | Construir | House |
| 16:35 | Construir | Palisade Wall |
| 16:37 | Construir | House |
| 16:39 | Construir | Palisade Wall |
| 16:47 | Crear | Archer |
| 16:47 | Crear | Archer |
| 16:51 | Crear | Skirmisher |
| 16:51 | Crear | Skirmisher |
| 16:56 | Construir | House |
| 17:05 | Construir | Palisade Wall |
| 17:11 | Crear | Villager (Male) |
| 17:20 | Construir | Palisade Wall |
| 17:30 | Construir | Palisade Wall |
| 17:42 | Edad | Edad de los Castillos |
| 17:44 | Investigar | Crossbowman (upgrade) |
| 17:47 | Crear | Archer |
| 17:47 | Crear | Archer |
| 17:48 | Crear | Archer |
| 18:30 | Construir | Palisade Gate |
| 18:32 | Crear | Archer |
| 18:37 | Construir | Archery Range |
| 18:41 | Crear | Villager (Male) |
| 18:41 | Crear | Villager (Male) |
| 18:41 | Crear | Villager (Male) |
| 18:43 | Construir | Archery Range |
| 19:00 | Investigar | Gold Mining |
| 19:01 | Crear | Villager (Male) |
| 19:02 | Crear | Villager (Male) |
| 19:31 | Construir | Town Center |
| 19:58 | Crear | Archer ×2 |
| 20:04 | Construir | Dock |
| 20:14 | Crear | Longboat |
| 20:15 | Crear | Longboat |
| 20:15 | Crear | Longboat |
| 20:18 | Crear | Villager (Male) |
| 20:18 | Crear | Villager (Male) |
| 20:18 | Crear | Villager (Male) |
| 20:26 | Investigar | Padded Archer Armor |
| 20:39 | Crear | Archer |
| 20:39 | Crear | Archer |
| 20:43 | Crear | Skirmisher |
| 20:44 | Crear | Skirmisher |
| 20:44 | Crear | Skirmisher |
| 20:55 | Crear | Villager (Male) |
| 20:55 | Crear | Villager (Male) |
| 21:07 | Crear | Archer |
| 21:07 | Crear | Archer |
| 21:39 | Crear | Archer |
| 21:39 | Crear | Archer |
| 21:40 | Crear | Archer |
| 21:50 | Construir | Archery Range |
| 21:53 | Construir | House |
| 21:53 | Construir | House |
| 21:55 | Construir | House |
| 21:56 | Construir | House |
| 21:56 | Construir | House |
| 21:57 | Crear | Villager (Male) |
| 21:57 | Crear | Villager (Male) |
| 22:01 | Crear | Fishing Ship ×3 |
| 22:06 | Investigar | Bow Saw |
| 22:08 | Crear | Villager (Male) |
| 22:08 | Crear | Villager (Male) |
| 22:08 | Crear | Villager (Male) |
Build order — [RZ] MAGR0
Primeras 150 de 622 acciones detectadas
| 0:01 | Crear | Villager (Male) |
| 0:01 | Crear | Villager (Male) |
| 0:01 | Crear | Villager (Male) |
| 0:02 | Crear | Villager (Male) |
| 0:04 | Construir | House |
| 0:06 | Construir | House |
| 1:12 | Crear | Villager (Male) |
| 1:54 | Crear | Villager (Male) |
| 2:13 | Construir | Lumber Camp |
| 2:22 | Crear | Villager (Male) |
| 2:46 | Construir | House |
| 2:53 | Crear | Villager (Male) |
| 3:05 | Crear | Villager (Male) |
| 3:42 | Crear | Villager (Male) |
| 4:04 | Crear | Villager (Male) |
| 4:23 | Crear | Villager (Male) |
| 4:39 | Crear | Villager (Male) |
| 5:04 | Crear | Villager (Male) |
| 5:11 | Crear | Villager (Male) |
| 5:50 | Crear | Villager (Male) |
| 6:01 | Construir | Mining Camp |
| 6:18 | Construir | Lumber Camp |
| 6:22 | Crear | Villager (Male) |
| 6:22 | Crear | Villager (Male) |
| 6:30 | Investigar | Loom |
| 6:35 | Construir | House |
| 7:23 | Investigar | Feudal Age |
| 8:19 | Construir | House |
| 8:28 | Construir | Barracks |
| 8:59 | Crear | Villager (Male) |
| 9:28 | Crear | Villager (Male) |
| 9:33 | Edad | Edad Feudal |
| 9:37 | Construir | Archery Range |
| 9:38 | Construir | Archery Range |
| 9:46 | Crear | Spearman |
| 9:49 | Crear | Villager (Male) |
| 10:17 | Crear | Villager (Male) |
| 10:23 | Crear | Archer |
| 10:28 | Construir | Archery Range |
| 10:48 | Construir | House |
| 11:00 | Construir | Palisade Wall |
| 11:05 | Crear | Archer |
| 11:06 | Crear | Archer |
| 11:08 | Crear | Villager (Male) |
| 11:18 | Construir | Palisade Wall |
| 11:38 | Crear | Archer |
| 11:59 | Crear | Villager (Male) |
| 11:59 | Crear | Villager (Male) |
| 12:00 | Crear | Villager (Male) |
| 12:13 | Crear | Archer |
| 12:13 | Crear | Archer |
| 12:16 | Crear | Villager (Male) |
| 12:16 | Crear | Villager (Male) |
| 12:21 | Construir | House |
| 12:24 | Construir | Palisade Wall |
| 12:30 | Construir | Blacksmith |
| 12:34 | Crear | Archer |
| 12:48 | Crear | Villager (Male) |
| 12:57 | Construir | Mill |
| 13:11 | Crear | Archer |
| 13:11 | Crear | Archer |
| 13:11 | Crear | Archer |
| 13:29 | Crear | Archer |
| 13:56 | Crear | Archer |
| 13:56 | Crear | Archer |
| 14:09 | Construir | House |
| 14:11 | Investigar | Fletching |
| 14:25 | Crear | Villager (Male) |
| 14:35 | Crear | Archer |
| 14:36 | Crear | Archer |
| 14:44 | Crear | Spearman |
| 15:03 | Crear | Archer |
| 15:04 | Crear | Archer |
| 15:04 | Crear | Archer |
| 15:19 | Crear | Villager (Male) |
| 15:21 | Construir | House |
| 15:28 | Construir | House |
| 15:29 | Construir | House |
| 15:31 | Crear | Archer |
| 15:31 | Crear | Archer |
| 15:31 | Crear | Archer |
| 15:46 | Crear | Villager (Male) |
| 16:07 | Construir | Farm |
| 16:10 | Crear | Villager (Male) |
| 16:16 | Crear | Archer |
| 16:16 | Crear | Archer |
| 16:16 | Crear | Archer |
| 16:28 | Crear | Archer |
| 16:28 | Crear | Archer |
| 16:39 | Crear | Archer |
| 16:57 | Crear | Archer |
| 16:57 | Crear | Archer |
| 16:58 | Crear | Villager (Male) |
| 16:58 | Crear | Villager (Male) |
| 17:16 | Investigar | Horse Collar |
| 17:31 | Construir | House |
| 17:32 | Construir | House |
| 17:36 | Crear | Archer |
| 17:36 | Crear | Archer |
| 17:43 | Crear | Villager (Male) |
| 17:49 | Construir | Palisade Wall |
| 18:02 | Crear | Spearman |
| 18:09 | Crear | Archer |
| 18:23 | Crear | Villager (Male) |
| 18:38 | Construir | Farm |
| 18:38 | Construir | Farm |
| 18:39 | Construir | Farm |
| 18:39 | Construir | Farm |
| 18:39 | Construir | Farm |
| 18:39 | Construir | Farm |
| 18:45 | Crear | Villager (Male) |
| 19:22 | Crear | Archer |
| 19:23 | Crear | Archer |
| 19:25 | Crear | Villager (Male) |
| 19:25 | Crear | Villager (Male) |
| 19:39 | Crear | Villager (Male) |
| 19:54 | Crear | Villager (Male) |
| 19:57 | Construir | Farm |
| 19:57 | Construir | Farm |
| 19:58 | Construir | Farm |
| 19:58 | Construir | Farm |
| 20:21 | Crear | Villager (Male) |
| 20:31 | Crear | Villager (Male) |
| 20:31 | Crear | Villager (Male) |
| 20:38 | Construir | House |
| 20:39 | Construir | House |
| 20:47 | Construir | Farm |
| 20:47 | Construir | Farm |
| 20:47 | Construir | Farm |
| 20:48 | Construir | Farm |
| 21:07 | Crear | Skirmisher |
| 21:07 | Crear | Skirmisher |
| 21:07 | Crear | Skirmisher |
| 21:10 | Crear | Villager (Male) |
| 21:32 | Crear | Villager (Male) |
| 21:46 | Construir | Farm |
| 21:46 | Construir | Farm |
| 21:51 | Construir | Farm |
| 21:51 | Construir | Farm |
| 21:51 | Construir | Farm |
| 21:51 | Construir | Farm |
| 21:52 | Construir | Farm |
| 22:06 | Construir | House |
| 22:07 | Construir | House |
| 22:12 | Construir | House |
| 22:13 | Construir | House |
| 22:14 | Construir | House |
| 22:15 | Construir | House |
| 22:37 | Crear | Villager (Male) |
| 22:39 | Construir | Farm |
Build order — Mata_Leproso
Primeras 150 de 690 acciones detectadas
| 0:00 | Crear | Villager (Male) |
| 0:01 | Crear | Villager (Male) |
| 0:01 | Crear | Villager (Male) |
| 0:03 | Construir | House |
| 0:05 | Construir | House |
| 0:06 | Crear | Villager (Male) |
| 1:15 | Crear | Villager (Male) |
| 1:36 | Crear | Villager (Male) |
| 1:47 | Construir | Lumber Camp |
| 2:13 | Crear | Villager (Male) |
| 2:41 | Crear | Villager (Male) |
| 2:53 | Construir | House |
| 2:59 | Crear | Villager (Male) |
| 3:26 | Crear | Villager (Male) |
| 3:43 | Crear | Villager (Male) |
| 4:21 | Crear | Villager (Male) |
| 4:54 | Crear | Villager (Male) |
| 5:09 | Construir | Dock |
| 5:15 | Crear | Villager (Male) |
| 5:41 | Crear | Villager (Male) |
| 6:14 | Crear | Villager (Male) |
| 6:36 | Crear | Villager (Male) |
| 6:40 | Investigar | Loom |
| 6:51 | Construir | House |
| 7:49 | Investigar | Feudal Age |
| 7:54 | Construir | Lumber Camp |
| 8:02 | Construir | Mining Camp |
| 8:36 | Construir | Mill |
| 9:20 | Construir | Barracks |
| 9:24 | Crear | Villager (Male) |
| 9:59 | Edad | Edad Feudal |
| 10:01 | Crear | Villager (Male) |
| 10:14 | Crear | Fishing Ship |
| 10:14 | Crear | Fishing Ship |
| 10:20 | Investigar | Double-Bit Axe |
| 10:31 | Crear | Villager (Male) |
| 11:01 | Crear | Villager (Male) |
| 11:04 | Construir | Archery Range |
| 11:22 | Crear | Villager (Male) |
| 11:51 | Crear | Spearman |
| 11:51 | Crear | Spearman |
| 11:56 | Construir | House |
| 11:57 | Crear | Archer |
| 11:57 | Crear | Archer |
| 12:15 | Construir | House |
| 12:17 | Construir | House |
| 12:28 | Construir | House |
| 12:35 | Crear | Archer |
| 12:42 | Construir | House |
| 13:11 | Crear | Villager (Male) |
| 13:11 | Crear | Spearman |
| 13:16 | Crear | Archer |
| 13:29 | Construir | Archery Range |
| 13:42 | Crear | Villager (Male) |
| 14:03 | Crear | Villager (Male) |
| 14:10 | Crear | Villager (Male) |
| 14:24 | Crear | Archer |
| 14:25 | Crear | Archer |
| 14:25 | Crear | Archer |
| 14:45 | Crear | Archer |
| 14:45 | Crear | Archer |
| 14:46 | Crear | Archer |
| 14:46 | Crear | Archer |
| 14:46 | Crear | Archer |
| 14:46 | Crear | Archer |
| 14:50 | Crear | Villager (Male) |
| 14:54 | Crear | Archer |
| 15:03 | Construir | House |
| 15:04 | Construir | House |
| 15:11 | Crear | Archer |
| 15:33 | Crear | Archer |
| 15:38 | Crear | Spearman |
| 15:38 | Crear | Spearman |
| 15:38 | Crear | Spearman |
| 15:40 | Crear | Villager (Male) |
| 15:47 | Crear | Archer |
| 16:03 | Crear | Archer |
| 16:06 | Crear | Villager (Male) |
| 16:11 | Crear | Fishing Ship |
| 16:12 | Crear | Fishing Ship |
| 16:32 | Crear | Archer |
| 16:33 | Crear | Archer |
| 16:34 | Crear | Villager (Male) |
| 16:38 | Construir | Farm |
| 17:00 | Crear | Archer |
| 17:01 | Crear | Archer |
| 17:12 | Crear | Villager (Male) |
| 17:12 | Crear | Villager (Male) |
| 17:15 | Construir | Farm |
| 17:29 | Crear | Villager (Male) |
| 17:43 | Construir | Market |
| 17:55 | Construir | Blacksmith |
| 18:18 | Crear | Archer |
| 18:18 | Crear | Archer |
| 18:18 | Crear | Archer |
| 18:19 | Crear | Archer |
| 18:26 | Crear | Villager (Male) |
| 18:30 | Construir | House |
| 18:31 | Construir | House |
| 18:31 | Construir | House |
| 18:39 | Investigar | Fletching |
| 18:42 | Construir | House |
| 18:43 | Crear | Villager (Male) |
| 19:03 | Construir | House |
| 19:04 | Construir | House |
| 19:05 | Crear | Villager (Male) |
| 19:26 | Crear | Villager (Male) |
| 19:40 | Construir | Farm |
| 19:40 | Construir | Farm |
| 19:41 | Construir | Farm |
| 19:41 | Construir | Farm |
| 19:41 | Construir | Farm |
| 19:42 | Construir | Farm |
| 19:42 | Construir | Farm |
| 19:42 | Construir | Farm |
| 19:48 | Crear | Archer |
| 19:48 | Crear | Archer |
| 19:49 | Crear | Archer |
| 20:03 | Construir | Farm |
| 20:20 | Construir | House |
| 20:20 | Construir | House |
| 20:27 | Construir | Farm |
| 20:41 | Crear | Archer |
| 20:41 | Crear | Archer |
| 20:46 | Crear | Villager (Male) |
| 20:47 | Crear | Villager (Male) |
| 20:54 | Construir | Farm |
| 21:04 | Crear | Archer |
| 21:04 | Crear | Archer |
| 21:05 | Crear | Archer |
| 21:17 | Crear | Villager (Male) |
| 21:50 | Crear | Archer |
| 21:50 | Crear | Archer |
| 21:57 | Crear | Spearman |
| 21:57 | Crear | Spearman |
| 21:59 | Crear | Villager (Male) |
| 22:03 | Construir | Farm |
| 22:04 | Construir | Farm |
| 22:10 | Crear | Archer |
| 22:10 | Crear | Archer |
| 22:33 | Crear | Villager (Male) |
| 22:33 | Crear | Villager (Male) |
| 22:46 | Crear | Spearman |
| 22:46 | Crear | Spearman |
| 22:47 | Crear | Villager (Male) |
| 23:35 | Investigar | Castle Age |
| 23:45 | Crear | Archer |
| 23:45 | Crear | Archer |
| 23:45 | Crear | Archer |
| 24:03 | Crear | Villager (Male) |
Cronología de la partida
| 4:15 | AoG_Lotsen · first_building Dock |
| 4:32 | AoG_Bronco · first_building Dock |
| 5:09 | Mata_Leproso · first_building Dock |
| 7:04 | AoG_Lotsen · wall_segment Palisade Wall x1 |
| 7:25 | AoG_Fernecito · first_building Barracks |
| 7:44 | AoG_Lotsen · first_building Barracks |
| 8:00 | AoG_Fernecito · wall_segment Palisade Wall x1 |
| 8:28 | [RZ] MAGR0 · first_building Barracks |
| 8:49 | [RZ] Kanjhin · first_building Barracks |
| 9:06 | AoG_Fernecito · age_up feudal |
| 9:07 | AoG_Fernecito · first_building Stable |
| 9:20 | Mata_Leproso · first_building Barracks |
| 9:33 | [RZ] MAGR0 · age_up feudal |
| 9:37 | [RZ] MAGR0 · first_building Archery Range |
| 9:49 | AoG_Lotsen · age_up feudal |
| 9:54 | [RZ] Kanjhin · age_up feudal |
| 9:55 | [RZ] Kanjhin · first_building Stable |
| 9:59 | Mata_Leproso · age_up feudal |
| 10:16 | AoG_Lotsen · wall_segment Palisade Wall x1 |
| 10:16 | AoG_Lotsen · wall_segment Palisade Wall x1 |
| 10:37 | AoG_Fernecito · wall_segment Stone Wall x10 |
| 11:00 | [RZ] MAGR0 · wall_segment Palisade Wall x14 |
| 11:04 | Mata_Leproso · first_building Archery Range |
| 11:18 | [RZ] MAGR0 · wall_segment Palisade Wall x1 |
| 12:03 | AoG_Lotsen · first_building Stable |
| 12:24 | [RZ] MAGR0 · wall_segment Palisade Wall x11 |
| 12:53 | AoG_Bronco · age_up feudal |
| 13:04 | AoG_Bronco · wall_segment Stone Wall x1 |
| 14:06 | AoG_Bronco · first_building Barracks |
| 14:41 | AoG_Bronco · first_building Archery Range |
| 15:26 | AoG_Lotsen · wall_segment Palisade Wall x1 |
| 15:35 | AoG_Bronco · wall_segment Palisade Wall x1 |
| 15:36 | AoG_Bronco · wall_segment Palisade Wall x1 |
| 15:49 | AoG_Bronco · wall_segment Palisade Wall x3 |
| 16:07 | AoG_Bronco · wall_segment Palisade Wall x1 |
| 16:23 | AoG_Bronco · wall_segment Palisade Wall x20 |
| 16:35 | AoG_Bronco · wall_segment Palisade Wall x1 |
| 16:39 | AoG_Bronco · wall_segment Palisade Wall x1 |
| 17:05 | AoG_Bronco · wall_segment Palisade Wall x3 |
| 17:20 | AoG_Bronco · wall_segment Palisade Wall x14 |
| 17:30 | AoG_Bronco · wall_segment Palisade Wall x13 |
| 17:42 | AoG_Bronco · age_up castle |
| 17:49 | [RZ] MAGR0 · wall_segment Palisade Wall x9 |
| 18:13 | AoG_Lotsen · first_market_sell 500 stone |
| 18:14 | AoG_Lotsen · first_market_buy 100 food |
| 19:05 | AoG_Bronco · first_market_sell 100 food |
| 19:09 | AoG_Bronco · first_market_buy 100 wood |
| 21:00 | [RZ] Kanjhin · first_market_sell 100 food |
| 21:27 | AoG_Lotsen · age_up castle |
| 21:42 | AoG_Fernecito · first_market_buy 100 food |
| 21:43 | AoG_Fernecito · first_market_sell 500 wood |
| 22:02 | AoG_Lotsen · first_building Castle |
| 23:13 | [RZ] MAGR0 · wall_segment Stone Wall x3 |
| 23:26 | Mata_Leproso · first_market_sell 100 wood |
| 23:29 | Mata_Leproso · first_market_buy 100 food |
| 23:38 | [RZ] MAGR0 · wall_segment Stone Wall x1 |
| 23:41 | [RZ] Kanjhin · age_up castle |
| 23:43 | [RZ] MAGR0 · wall_segment Stone Wall x1 |
| 23:43 | AoG_Lotsen · first_building Siege Workshop |
| 23:55 | [RZ] MAGR0 · wall_segment Stone Wall x12 |
| 24:03 | [RZ] MAGR0 · wall_segment Stone Wall x6 |
| 24:23 | [RZ] MAGR0 · wall_segment Stone Wall x7 |
| 24:24 | AoG_Fernecito · age_up castle |
| 25:08 | AoG_Fernecito · first_building Siege Workshop |
| 25:59 | AoG_Lotsen · wall_segment Stone Wall x12 |
| 26:10 | [RZ] MAGR0 · first_market_buy 100 food |
| 26:28 | Mata_Leproso · age_up castle |
| 27:52 | AoG_Lotsen · wall_segment Stone Wall x4 |
| 27:54 | [RZ] Kanjhin · first_market_buy 100 food |
| 28:12 | AoG_Lotsen · wall_segment Stone Wall x1 |
| 28:49 | AoG_Bronco · first_building Castle |
| 29:03 | [RZ] MAGR0 · age_up castle |
| 29:40 | [RZ] MAGR0 · first_building Siege Workshop |
| 30:20 | [RZ] MAGR0 · first_building Stable |
| 31:02 | AoG_Fernecito · wall_segment Stone Wall x11 |
| 31:13 | [RZ] MAGR0 · first_market_sell 500 stone |
| 31:16 | Mata_Leproso · first_building Siege Workshop |
| 31:50 | AoG_Fernecito · first_building Monastery |
| 33:42 | AoG_Lotsen · wall_segment Stone Wall x1 |
| 34:57 | Mata_Leproso · first_building Castle |
| 36:28 | AoG_Fernecito · first_building Castle |
| 37:51 | [RZ] Kanjhin · first_building Monastery |
| 40:05 | [RZ] MAGR0 · first_building Castle |
| 40:12 | AoG_Bronco · age_up imperial |
| 40:27 | AoG_Lotsen · age_up imperial |
| 41:18 | [RZ] MAGR0 · age_up imperial |
| 41:59 | [RZ] Kanjhin · age_up imperial |
| 42:47 | [RZ] Kanjhin · first_building Castle |
| 43:42 | [RZ] Kanjhin · tribute_sent a jugador 1 |
| 43:42 | [RZ] Kanjhin · tribute_sent a jugador 3 |
| 43:42 | [RZ] Kanjhin · tribute_sent a jugador 4 |
| 43:42 | [RZ] Kanjhin · tribute_sent a jugador 5 |
| 43:42 | [RZ] Kanjhin · tribute_sent a jugador 6 |
| 43:48 | AoG_Fernecito · wall_segment Stone Wall x7 |
| 45:20 | AoG_Fernecito · first_building Archery Range |
| 46:58 | AoG_Fernecito · age_up imperial |
| 47:13 | Mata_Leproso · age_up imperial |
| 50:23 | [RZ] Kanjhin · tribute_sent a jugador 1 |
| 50:23 | [RZ] Kanjhin · tribute_sent a jugador 3 |
| 50:23 | [RZ] Kanjhin · tribute_sent a jugador 4 |
| 50:23 | [RZ] Kanjhin · tribute_sent a jugador 5 |
| 50:23 | [RZ] Kanjhin · tribute_sent a jugador 6 |
| 50:28 | AoG_Fernecito · wall_segment Stone Wall x8 |
| 50:30 | AoG_Fernecito · wall_segment Stone Wall x4 |
| 53:26 | [RZ] Kanjhin · tribute_sent a jugador 1 |
| 53:26 | [RZ] Kanjhin · tribute_sent a jugador 3 |
| 53:26 | [RZ] Kanjhin · tribute_sent a jugador 4 |
| 53:26 | [RZ] Kanjhin · tribute_sent a jugador 5 |
| 53:26 | [RZ] Kanjhin · tribute_sent a jugador 6 |
| 53:41 | AoG_Fernecito · tribute_sent a jugador 1 |
| 53:41 | AoG_Fernecito · tribute_sent a jugador 2 |
| 53:41 | AoG_Fernecito · tribute_sent a jugador 3 |
| 53:41 | AoG_Fernecito · tribute_sent a jugador 4 |
| 53:41 | AoG_Fernecito · tribute_sent a jugador 6 |
| 57:33 | AoG_Lotsen · wall_segment Stone Wall x10 |
| 57:57 | [RZ] Kanjhin · tribute_sent a jugador 1 |
| 57:57 | [RZ] Kanjhin · tribute_sent a jugador 3 |
| 57:57 | [RZ] Kanjhin · tribute_sent a jugador 4 |
| 57:57 | [RZ] Kanjhin · tribute_sent a jugador 5 |
| 57:57 | [RZ] Kanjhin · tribute_sent a jugador 6 |
| 58:12 | AoG_Lotsen · first_building Archery Range |
| 59:11 | AoG_Lotsen · tribute_sent a jugador 2 |
| 59:11 | AoG_Lotsen · tribute_sent a jugador 3 |
| 59:11 | AoG_Lotsen · tribute_sent a jugador 4 |
| 59:11 | AoG_Lotsen · tribute_sent a jugador 5 |
| 59:11 | AoG_Lotsen · tribute_sent a jugador 6 |
| 61:13 | [RZ] Kanjhin · tribute_sent a jugador 1 |
| 61:13 | [RZ] Kanjhin · tribute_sent a jugador 3 |
| 61:13 | [RZ] Kanjhin · tribute_sent a jugador 4 |
| 61:13 | [RZ] Kanjhin · tribute_sent a jugador 5 |
| 61:13 | [RZ] Kanjhin · tribute_sent a jugador 6 |
| 63:24 | AoG_Bronco · first_building Siege Workshop |
| 64:40 | [RZ] Kanjhin · resign |
[ ANÁLISIS IA · 1 CRÉDITO ]
¿Qué pasó realmente en esta partida?
Wolo.gg analiza cada decisión: build order, eco, micro, errores típicos por bracket. Análisis personalizado por WhatsApp o Discord en 30 segundos.
Guía civ
Persas
Perfil
Jugador #10054239